BSA
NEW ORLEANS LOOTERS @ NASSAU ROCKETS
07/18/2028
 
TOP OF THE 1ST
New Orleans Looters batting - Pitching for Nassau Rockets : RHP José García
Pitching: RHP José García
Batting: SHB Arturo Sánchez 0-0: Ball
1-0: Ball
2-0: Ball
3-0: Called Strike
3-1: Ground out 6-3 (Groundball, 6)
Batting: LHB Francisco Vega 0-0: Ball
1-0: Called Strike
1-1: Ball
2-1: SOLO HOME RUN (Flyball, 7LD), Distance : 330 ft
Batting: LHB Seung-chun Mun 0-0: Called Strike
0-1: Foul Ball, location: 2F
0-2: Ball
1-2: Ball
2-2: Ball
3-2: Ground out 1-3 (Groundball, 13S)
Batting: SHB Oliver Deleón 0-0: Ball
1-0: Foul Ball, location: 2F
1-1: Ball
2-1: Fly out, F7 (Flyball, 7S)
Top of the 1st over - 1 run(s), 1 hit(s), 0 error(s), 0 left on base; New Orleans 1 - Nassau 0
BOTTOM OF THE 1ST
Nassau Rockets batting - Pitching for New Orleans Looters : RHP Chris Martin
Pitching: RHP Chris Martin
Batting: LHB Don Ramey 0-0: Ball
1-0: Called Strike
1-1: Swinging Strike
1-2: Ground out 4-3 (Groundball, 4)
Batting: LHB Doug Thompson 0-0: Ball
1-0: Called Strike
1-1: Called Strike
1-2: Ball
2-2: DOUBLE (Line Drive, 7LS)
Batting: SHB Howard Parker 0-0: Ball
1-0: Called Strike
1-1: Ball
2-1: Ground out 1-3 (Groundball, 13)
Doug Thompson to third
Batting: LHB Andrew Alvarado 0-0: SINGLE (Line Drive, 78S)
Doug Thompson scores
Batting: LHB Bob Martin 0-0: Swinging Strike
0-1: Ground out U3 (Groundball, 3)
Bottom of the 1st over - 1 run(s), 2 hit(s), 0 error(s), 1 left on base; New Orleans 1 - Nassau 1
TOP OF THE 2ND
New Orleans Looters batting - Pitching for Nassau Rockets : RHP José García
Batting: RHB Stephen Shaw 0-0: Called Strike
0-1: Ball
1-1: DOUBLE (Line Drive, 8LD)
Batting: RHB Dave O'Loan 0-0: Foul Ball, location: 2F
0-1: Swinging Strike
0-2: Strikes out swinging
Batting: LHB Eduardo Rodríguez 0-0: Foul Ball, location: 2F
0-1: Ground out 6-3 (Groundball, 6)
Batting: RHB Run-ming Zhu 0-0: Fly out, F8 (Flyball, 8RS)
Top of the 2nd over - 0 run(s), 1 hit(s), 0 error(s), 1 left on base; New Orleans 1 - Nassau 1
BOTTOM OF THE 2ND
Nassau Rockets batting - Pitching for New Orleans Looters : RHP Chris Martin
Batting: RHB Salvador Borbón 0-0: Called Strike
0-1: Ball
1-1: Foul Ball, location: 2F
1-2: SINGLE (Groundball, 34D)
Batting: LHB Wilson Allen 0-0: Called Strike
0-1: Fly out, F4 (Line Drive, 4)
Batting: RHB Rubén Matos 0-0: SINGLE (Line Drive, 9S)
Salvador Borbón to second
Batting: LHB Rafael Delgado 0-0: Ball
1-0: Ball
2-0: Ball
3-0: Called Strike
3-1: Called Strike
3-2: Strikes out swinging
Batting: LHB Don Ramey 0-0: Called Strike
0-1: Called Strike
0-2: Ball
1-2: Ball
2-2: Ball
3-2: Foul Ball, location: 2F
3-2: Foul Ball, location: 2F
3-2: Base on Balls
Salvador Borbón to third
Rubén Matos to second
Batting: LHB Doug Thompson 0-0: Ball
1-0: Ground out 3-1 (Groundball, 34)
Bottom of the 2nd over - 0 run(s), 2 hit(s), 0 error(s), 3 left on base; New Orleans 1 - Nassau 1
TOP OF THE 3RD
New Orleans Looters batting - Pitching for Nassau Rockets : RHP José García
Batting: LHB Miguel Colón 0-0: Ball
1-0: Ball
2-0: Called Strike
2-1: Foul Ball, location: 2F
2-2: Ball
3-2: Foul Ball, location: 2F
3-2: Strikes out swinging
Batting: SHB Arturo Sánchez 0-0: Ball
1-0: Ground out 5-3 (Groundball, 5)
Batting: LHB Francisco Vega 0-0: Called Strike
0-1: Fly out, F7 (Flyball, 78XD)
Top of the 3rd over - 0 run(s), 0 hit(s), 0 error(s), 0 left on base; New Orleans 1 - Nassau 1
BOTTOM OF THE 3RD
Nassau Rockets batting - Pitching for New Orleans Looters : RHP Chris Martin
Batting: SHB Howard Parker 0-0: Ball
1-0: Called Strike
1-1: Ball
2-1: SINGLE (Groundball, 4MD)
Batting: LHB Andrew Alvarado 0-0: Ball
1-0: Called Strike
1-1: DOUBLE (Line Drive, 9LM)
Howard Parker to third
Batting: LHB Bob Martin 0-0: Ball
1-0: Ball
2-0: Ball
3-0: Called Strike
3-1: Foul Ball, location: 2F
3-2: Strikes out looking
Batting: RHB Salvador Borbón 0-0: Ball
1-0: Foul Ball, location: 2F
1-1: Ball
2-1: Called Strike
2-2: Strikes out swinging
Batting: LHB Wilson Allen 0-0: 3-RUN HOME RUN (Flyball, 9D), Distance : 504 ft
Batting: RHB Rubén Matos 0-0: Called Strike
0-1: Fly out, F9 (Line Drive, 9)
Bottom of the 3rd over - 3 run(s), 3 hit(s), 0 error(s), 0 left on base; New Orleans 1 - Nassau 4
TOP OF THE 4TH
New Orleans Looters batting - Pitching for Nassau Rockets : RHP José García
Batting: LHB Seung-chun Mun 0-0: Ball
1-0: SINGLE (Flyball, 9S)
Batting: SHB Oliver Deleón 0-0: Swinging Strike
0-1: Foul Ball, location: 2F
0-2: Strikes out swinging
Batting: RHB Stephen Shaw 0-0: Ball
1-0: Grounds into double play, 6-4-3 (Groundball, 6)
Top of the 4th over - 0 run(s), 1 hit(s), 0 error(s), 0 left on base; New Orleans 1 - Nassau 4
BOTTOM OF THE 4TH
Nassau Rockets batting - Pitching for New Orleans Looters : RHP Chris Martin
Batting: LHB Rafael Delgado 0-0: SINGLE (Flyball, 8LS)
Batting: LHB Don Ramey 0-0: Ball
1-0: Called Strike
1-1: DOUBLE (Groundball, 3L)
Rafael Delgado to third
Batting: LHB Doug Thompson 0-0: SINGLE (Flyball, 8LS)
Rafael Delgado scores
Don Ramey to third
Batting: SHB Howard Parker 0-0: Foul Ball, location: 2F
0-1: Ball
1-1: Foul Ball, location: 2F
1-2: DOUBLE (Line Drive, 89M)
Don Ramey scores
Doug Thompson to third
Pitching: RHP Roy March
Batting: LHB Andrew Alvarado 0-0: Called Strike
0-1: Ball
1-1: Ball
2-1: Fly out, F8 (Flyball, 8LXD)
Runner from 3rd tags up, SCORES, no throw
Howard Parker to third
Batting: LHB Bob Martin 0-0: Ball
1-0: Ground out 4-3 (Groundball, 4)
Howard Parker scores
Batting: RHB Salvador Borbón 0-0: Reached on error, E6 (Groundball, 6)
Batting: LHB Wilson Allen 0-0: Ball
1-0: Swinging Strike
1-1: SINGLE (Groundball, 4MD)
Salvador Borbón to second
Batting: RHB Rubén Matos 0-0: Ball
1-0: Called Strike
1-1: Ground out 4-3 (Groundball, 34)
Bottom of the 4th over - 4 run(s), 5 hit(s), 1 error(s), 2 left on base; New Orleans 1 - Nassau 8
TOP OF THE 5TH
New Orleans Looters batting - Pitching for Nassau Rockets : RHP José García
Batting: RHB Dave O'Loan 0-0: Called Strike
0-1: Ball
1-1: Ball
2-1: Foul Ball, location: 2F
2-2: Strikes out swinging
Batting: LHB Eduardo Rodríguez 0-0: Called Strike
0-1: Ball
1-1: Foul Ball, location: 2F
1-2: Foul Ball, location: 2F
1-2: Ball
2-2: Ball
3-2: Strikes out swinging
Batting: RHB Run-ming Zhu 0-0: Called Strike
0-1: Foul Ball, location: 2F
0-2: Ball
1-2: Ball
2-2: SINGLE (Line Drive, 78S)
Batting: LHB Miguel Colón 0-0: Ball
1-0: Foul Ball, location: 2F
1-1: Ball
2-1: Swinging Strike
2-2: Foul Ball, location: 2F
2-2: Fielders Choice at 2nd, 6-4 (Groundball, 6)
Top of the 5th over - 0 run(s), 1 hit(s), 0 error(s), 0 left on base; New Orleans 1 - Nassau 8
BOTTOM OF THE 5TH
Nassau Rockets batting - Pitching for New Orleans Looters : RHP Roy March
Batting: LHB Rafael Delgado 0-0: Ball
1-0: Swinging Strike
1-1: Ball
2-1: Called Strike
2-2: Ball
3-2: Base on Balls
Batting: LHB Don Ramey 0-0: Ball
1-0: Ball
2-0: Foul Ball, location: 2F
2-1: DOUBLE (Line Drive, 89S)
Rafael Delgado to third
Batting: LHB Doug Thompson 0-0: Ball
1-0: Called Strike
1-1: Ball
2-1: Ground out 6-3 (Groundball, 6S)
Rafael Delgado scores
Don Ramey to third
Batting: SHB Howard Parker 0-0: Ball
1-0: Called Strike
1-1: Foul Ball, location: 2F
1-2: Ball
2-2: Ground out 4-3 (Groundball, 4)
Don Ramey scores
Batting: LHB Andrew Alvarado 0-0: Foul Ball, location: 2F
0-1: Swinging Strike
0-2: Strikes out swinging, 2-3 out at first.
Bottom of the 5th over - 2 run(s), 1 hit(s), 0 error(s), 0 left on base; New Orleans 1 - Nassau 10
TOP OF THE 6TH
New Orleans Looters batting - Pitching for Nassau Rockets : RHP José García
Batting: SHB Arturo Sánchez 0-0: Ball
1-0: Called Strike
1-1: Ball
2-1: Fly out, F7 (Flyball, 7S)
Batting: LHB Francisco Vega 0-0: Called Strike
0-1: Ball
1-1: Ball
2-1: Ball
3-1: Fly out, F9 (Flyball, 9D)
Batting: LHB Seung-chun Mun 0-0: Foul Ball, location: 2F
0-1: Foul Ball, location: 2F
0-2: Ball
1-2: Foul Ball, location: 2F
1-2: Ball
2-2: Ball
3-2: Foul Ball, location: 2F
3-2: Hit by Pitch
Batting: SHB Oliver Deleón 0-0: Swinging Strike
0-1: Ball
1-1: Ball
2-1: Called Strike
2-2: Foul Ball, location: 2F
2-2: Ball
Wild Pitch!
Seung-chun Mun to second
3-2: SINGLE (Line Drive, 6)
Seung-chun Mun to third
Seung-chun Mun scores
Pitching: RHP Bill Sampson
Batting: RHB Stephen Shaw 0-0: Ball
1-0: Called Strike
1-1: Fly out, F7 (Flyball, 7)
Top of the 6th over - 1 run(s), 1 hit(s), 0 error(s), 1 left on base; New Orleans 2 - Nassau 10
BOTTOM OF THE 6TH
Nassau Rockets batting - Pitching for New Orleans Looters : RHP Roy March
Batting: LHB Bob Martin 0-0: Ball
1-0: Called Strike
1-1: Ball
2-1: Fly out, F8 (Flyball, 8LXD)
Batting: RHB Salvador Borbón 0-0: Called Strike
0-1: Called Strike
0-2: Ball
1-2: Foul Ball, location: 2F
1-2: SOLO HOME RUN (Flyball, 7D), Distance : 346 ft
Pitching: RHP Robbie Daniel
Batting: LHB Wilson Allen 0-0: Ball
1-0: Called Strike
1-1: Ground out U3 (Groundball, 34)
Batting: RHB Rubén Matos 0-0: Swinging Strike
0-1: Ground out 4-3 (Groundball, 4)
Bottom of the 6th over - 1 run(s), 1 hit(s), 0 error(s), 0 left on base; New Orleans 2 - Nassau 11
TOP OF THE 7TH
New Orleans Looters batting - Pitching for Nassau Rockets : RHP Bill Sampson
Batting: RHB Dave O'Loan 0-0: Swinging Strike
0-1: Foul Ball, location: 2F
0-2: Strikes out swinging
Batting: LHB Eduardo Rodríguez 0-0: Ball
1-0: Swinging Strike
1-1: Ball
2-1: Called Strike
2-2: Fly out, F8 (Flyball, 8RM)
Batting: RHB Run-ming Zhu 0-0: Ball
1-0: Fly out, F6 (Popup, 6)
Top of the 7th over - 0 run(s), 0 hit(s), 0 error(s), 0 left on base; New Orleans 2 - Nassau 11
BOTTOM OF THE 7TH
Nassau Rockets batting - Pitching for New Orleans Looters : RHP Robbie Daniel
Batting: LHB Rafael Delgado 0-0: Ball
1-0: Swinging Strike
1-1: Ball
2-1: Ball
3-1: Swinging Strike
3-2: Strikes out swinging
Batting: LHB Don Ramey 0-0: Ball
1-0: Ground out U3 (Groundball, 34)
Batting: LHB Doug Thompson 0-0: Ball
1-0: Ball
2-0: Called Strike
2-1: Ball
3-1: Swinging Strike
3-2: Strikes out looking
Bottom of the 7th over - 0 run(s), 0 hit(s), 0 error(s), 0 left on base; New Orleans 2 - Nassau 11
TOP OF THE 8TH
New Orleans Looters batting - Pitching for Nassau Rockets : RHP Bill Sampson
Batting: LHB Miguel Colón 0-0: Ball
1-0: Foul Ball, location: 2F
1-1: Called Strike
1-2: Foul Ball, location: 2F
1-2: Foul Ball, location: 2F
1-2: Strikes out swinging
Batting: SHB Arturo Sánchez 0-0: Called Strike
0-1: Called Strike
0-2: Ball
1-2: SINGLE (Groundball, 6D)
Batting: LHB Francisco Vega 0-0: Ball
1-0: Called Strike
1-1: Swinging Strike
1-2: Foul Ball, location: 2F
1-2: Ball
2-2: Ball
3-2: SINGLE (Groundball, 6MD)
Arturo Sánchez to second
Batting: LHB Seung-chun Mun 0-0: Ball
1-0: Swinging Strike
1-1: Ball
2-1: Foul Ball, location: 2F
2-2: Strikes out swinging
Batting: SHB Oliver Deleón 0-0: Fly out, F9 (Flyball, 9LM)
Top of the 8th over - 0 run(s), 2 hit(s), 0 error(s), 2 left on base; New Orleans 2 - Nassau 11
BOTTOM OF THE 8TH
Nassau Rockets batting - Pitching for New Orleans Looters : RHP Robbie Daniel
Batting: SHB Howard Parker 0-0: Foul Ball, location: 2F
0-1: Ball
1-1: Ball
2-1: Foul Ball, location: 2F
2-2: TRIPLE (Line Drive, 8RS)
Batting: LHB Andrew Alvarado 0-0: Ball
1-0: Called Strike
1-1: Foul Ball, location: 2F
1-2: Fly out, F8 (Flyball, 8RM)
Runner from 3rd tags up, SCORES, throw made
Batting: LHB Bob Martin 0-0: TRIPLE (Flyball, 9D)
Batting: RHB Salvador Borbón 0-0: Called Strike
0-1: Ball
1-1: Foul Ball, location: 2F
1-2: SINGLE (Line Drive, 6MD)
Bob Martin scores
Batting: LHB Wilson Allen 0-0: Foul Ball, location: 2F
0-1: 2-RUN HOME RUN (Flyball, 9D), Distance : 339 ft
Pitching: LHP Santiago Valentín
Batting: RHB Rubén Matos 0-0: Ball
1-0: Ground out 5-3 (Groundball, 56S)
Batting: LHB Rafael Delgado 0-0: Foul Ball, location: 2F
0-1: Foul Ball, location: 2F
0-2: Ground out 4-3 (Groundball, 4)
Bottom of the 8th over - 4 run(s), 4 hit(s), 0 error(s), 0 left on base; New Orleans 2 - Nassau 15
TOP OF THE 9TH
New Orleans Looters batting - Pitching for Nassau Rockets : RHP Bill Sampson
Now at SS: Pete Harvey
Batting: RHB Stephen Shaw 0-0: Ball
1-0: Swinging Strike
1-1: Called Strike
1-2: Ball
2-2: Fly out, F8 (Flyball, 8RD)
Batting: RHB Dave O'Loan 0-0: Ball
1-0: SINGLE (Groundball, 6MD)
Batting: LHB Eduardo Rodríguez 0-0: Called Strike
0-1: Called Strike
0-2: Foul Ball, location: 2F
0-2: Ball
1-2: Foul Ball, location: 2F
1-2: Ball
2-2: Strikes out swinging
Batting: RHB Run-ming Zhu 0-0: Ball
1-0: Ball
2-0: Called Strike
2-1: 2-RUN HOME RUN (Flyball, 7D), Distance : 362 ft
Batting: LHB Miguel Colón 0-0: Foul Ball, location: 2F
0-1: Ball
1-1: Ball
2-1: Ball
3-1: Base on Balls
Batting: SHB Arturo Sánchez 0-0: Foul Ball, location: 2F
0-1: Ball
1-1: Ball
2-1: Foul Ball, location: 2F
2-2: Ball
3-2: Foul Ball, location: 2F
3-2: Foul Ball, location: 2F
3-2: Foul Ball, location: 2F
3-2: Foul Ball, location: 2F
3-2: Fly out, F4 (Line Drive, 4)
Top of the 9th over - 2 run(s), 2 hit(s), 0 error(s), 1 left on base; New Orleans 4 - Nassau 15
Tuesday, August 8th, 2017 - OOTP Baseball 17.12 Build 75